 Dungeon Crawl Stone Soup version 0.28.0-1-gb440e238dd (webtiles) character file.

Game seed: 4815269001650076488

30 spaghetti the Sneak (level 3, 0/30 HPs)
             Began as a Demonspawn Delver on Feb 19, 2022.
             Was a Follower of Uskayaw.
             Slain by a gnoll (3 damage)
             ... on level 5 of the Dungeon.
             The game lasted 00:01:21 (620 turns).

spaghetti the Sneak (Demonspawn Delver)              Turns: 620, Time: 00:01:22

Health: 0/30       AC:  3    Str: 14    XL:     3   Next: 3%
Magic:  3/3        EV: 11    Int: 11    God:    Uskayaw [*.....]
Gold:   29         SH:  4    Dex: 14    Spells: 2/2 levels left

rFire   . . .      SeeInvis .   a - +0 falchion
rCold   . . .      Faith    .   (no shield)
rNeg    . . .      Spirit   .   b - +0 leather armour
rPois   .          Reflect  .   (no helmet)
rElec   .          Harm     .   (no cloak)
rCorr   .          Rampage  .   (no gloves)
Will    .....                   (no boots)
Stlth   ++........              (no amulet)
HPRegen 0.10/turn               (no ring)
MPRegen 0.08/turn               (no ring)

@: mighty
A: condensation shield
a: Renounce Religion, Stomp


You were on level 5 of the Dungeon.
You worshipped Uskayaw.
Uskayaw was noncommittal.
You visited 2 branches of the dungeon, and saw 3 of its levels.

You collected 29 gold pieces.

Inventory:

Hand Weapons
 a - a +0 falchion (weapon)
Armour
 b - a +0 leather armour (worn)
Wands
 g - a wand of digging (3)
Scrolls
 c - a scroll of fog
 d - a scroll of magic mapping
 e - 2 scrolls of fear
 h - a scroll of identify {unknown}
Potions
 f - a potion of haste


   Skills:
 + Level 4.2 Fighting
 - Level 1.7 Long Blades
 - Level 1.7 Dodging
 - Level 4.5 Stealth


You had 2 spell levels left.
You didn't know any spells.
Your spell library was empty.

Dungeon Overview and Level Annotations

Branches:
Dungeon (6/15)             Temple (1/1) D:5

Altars:
Ashenzari
Cheibriados
Elyvilon
Gozag
Hepliaklqana
Kikubaaqudgha
Makhleb
Nemelex Xobeh
Okawaru
Qazlal
Ru
Sif Muna
Trog
Uskayaw
Wu Jian
Xom
Yredelemnul
Zin
The Shining One


Innate Abilities, Weirdness & Mutations

A meltable shield of frost defends you. (SH +4)


Message History

The gnoll hits you from afar with a +0 spear.
You hit the gnoll.
The gnoll is lightly wounded.
The gnoll hits you with a +0 spear. You block the gnoll's attack.
The gnoll hits you from afar with a +0 spear.
The gnoll barely misses you. x2
You are too injured to fight recklessly!
You are too injured to fight recklessly!
You are too injured to fight recklessly!
You are too injured to fight recklessly!
You are too injured to fight recklessly!
You are too injured to fight recklessly!
You are too injured to fight recklessly!
You are too injured to fight recklessly!
You are too injured to fight recklessly!
You are too injured to fight recklessly!
You are too injured to fight recklessly!
You are too injured to fight recklessly!
You are too injured to fight recklessly!
You are too injured to fight recklessly!
You are too injured to fight recklessly!
You are too injured to fight recklessly!
You are too injured to fight recklessly!
The gnoll barely misses you. x2
You block the gnoll's attack.
The gnoll hits you from afar with a +0 spear!
* * * LOW HITPOINT WARNING * * *
The gnoll hits you from afar with a +0 spear.
* * * LOW HITPOINT WARNING * * *
Okay, then.
It was a potion of curing.
You feel better. The gnoll barely misses you.
It was a potion of might.
You feel very mighty all of a sudden. The gnoll closely misses you.
You closely miss the gnoll. The gnoll hits you with a +0 club.
* * * LOW HITPOINT WARNING * * *
The gnoll hits you with a +0 club.
* * * LOW HITPOINT WARNING * * *
The gnoll hits you from afar with a +0 spear.
You die...

.......## ##.
........# #..
........# #.#
........# #.#
........# #.#
........# #.#
........####.#
...(....##ggg##
.......gg..#@†##
........#####..##
##...#### ##..##
..### ##..## ##
##..## # ##..##
### ##..## #..
##..# ##.. ##.##
##...


You could see 3 gnolls.

Vanquished Creatures
  A hound (D:5)
1 creature vanquished.

Notes
Turn   | Place    | Note
-------+----------+-------------------------------------------
     0 | D:5      | spaghetti the Demonspawn Delver began the quest for the
                  | Orb.
     0 | D:5      | Reached XP level 1. HP: 18/18 MP: 1/1
    72 | D:6      | Noticed an ice beast
    97 | D:5      | Noticed a gnoll shaman
   128 | D:5      | Found a staircase to the Ecumenical Temple.
   135 | Temple   | Entered the Ecumenical Temple
   369 | Temple   | Became a worshipper of Uskayaw the Reveller
   426 | D:5      | Noticed a hound
   432 | D:5      | Reached * piety under Uskayaw
   439 | D:5      | Reached ** piety under Uskayaw
   440 | D:5      | Killed a hound
   441 | D:5      | Gained mutation: A meltable shield of frost defends you.
                  | (SH +4) [demonic ancestry]
   441 | D:5      | Reached XP level 2. HP: 12/25 MP: 2/2
   441 | D:5      | Reached XP level 3. HP: 14/30 MP: 3/3
   620 | D:5      | Slain by a gnoll

Illustrated notes

Levels and vault maps discovered:
D:5:      layout_cave_pods, nicolae_vehumet_altar_sigil,
          minmay_temple_entry_junction_2, serial_shops, kennysheep_little_box
D:6:      layout_loops_corners, fedhas_altar_4, serial_shops, shop,
          minmay_microvault
Temple:   mainiacjoe_temple_bowtie_tessellation

Skill      XL: |  1 |
---------------+----+-----
Fighting       | 4 |  4.2
Long Blades    | |  1.7
Dodging        | |  1.7
Stealth        | |  4.5

Action                   || total
-------------------------++-------
Melee: Falchion          ||    16
  Use: Potion            ||     2
Armor: Leather armour    ||     7
Dodge: Dodged            ||    17
Block: Other             ||     2
